 Dungeon Crawl Stone Soup version 0.27.1-33-g824d729ab1 (webtiles) character file.

Game seed: 14879329017748449722

103 zeram the Poker (level 4, -11/35 HPs)
             Began as a Merfolk Fighter on Dec 25, 2021.
             Killed by an exploding adder (46 damage)
             ... ignited by their inner flame
             ... on level 3 of the Dungeon.
             The game lasted 00:04:05 (3531 turns).

zeram the Poker (Merfolk Fighter)                   Turns: 3531, Time: 00:04:08

Health: -11/35     AC: 10    Str: 16    XL:     4   Next: 79%
Magic:  4/4        EV:  7    Int:  8    God:
Gold:   88         SH:  9    Dex: 13    Spells: 3/3 levels left

rFire    . . .     SeeInvis .   a - +1 trident
rCold    . . .     Faith    .   c - +0 kite shield
rNeg     . . .     Spirit   .   b - +0 scale mail
rPois    .         Reflect  .   f - +0 helmet
rElec    .         Harm     .   (no cloak)
rCorr    .         Rampage  .   (no gloves)
Will     .....                  n - +2 pair of boots
Stlth    ..........             (no amulet)
HPRegen  0.11/turn              (no ring)
MPRegen  0.09/turn              (no ring)

@: no status effects
A: (nimble swimmer 2), mertail
a: no special abilities


You were on level 3 of the Dungeon.
You visited 1 branch of the dungeon, and saw 3 of its levels.

You collected 138 gold pieces.
You spent 50 gold pieces at shops.

Inventory:

Hand Weapons
 a - a +1 trident (weapon)
Missiles
 i - 13 poisoned darts (quivered)
Armour
 b - a +0 scale mail (worn)
 c - a +0 kite shield (worn)
 f - a +0 helmet (worn)
 n - a +2 pair of boots (worn)
Jewellery
 g - a ring of poison resistance
Scrolls
 e - 2 scrolls of teleportation
Potions
 d - 2 potions of might
 j - a potion of heal wounds
 k - a potion of haste
 m - a potion of resistance {unknown}


   Skills:
 - Level 3.2 Fighting
 + Level 5.3 Polearms
 - Level 2.1 Armour
 + Level 1.0 Dodging
 + Level 4.2 Shields


You had 3 spell levels left.
You didn't know any spells.
Your spell library contained the following spells:

 Spells                   Type           Power      Damage    Failure   Level
 Portal Projectile        Hex/Tloc       0%         N/A       100%        3
 Blade Hands              Tmut           0%         N/A       100%        5
 Excruciating Wounds      Necr           0%         N/A       100%        5


Dungeon Overview and Level Annotations

Branches:
Dungeon (3/15)

Altars:
Cheibriados

Shops:
D:3 ?


Innate Abilities, Weirdness & Mutations

((You are quick and stealthy near water. (Stealth+, EV+, Speed+++)))
Your lower body shifts to a powerful aquatic tail in water.


Message History

Found a fuming brown potion.
m - a fuming brown potion
Found a snail-covered altar of Cheibriados.
You see here a +2 pair of boots.
You see here a +2 pair of boots.
n - a +2 pair of boots You start putting on your armour.
You continue putting on your +2 pair of boots. x4
You finish putting on your +2 pair of boots.
An adder comes into view.
An adder is nearby!
An adder is nearby!
An adder is nearby!
An adder is nearby!
An adder is nearby!
Unknown command.
As you read the scroll labelled YSOCLO JANEMAQ, it crumbles to dust.
It is a scroll of enchant weapon.
Your +0 trident glows red for a moment.
The adder hisses angrily.
As you read the scroll labelled FIZOYC ETEXO, it crumbles to dust.
The creatures around you are filled with an inner flame!
It was a scroll of immolation.
Unknown command.
An adder is nearby!
An adder is nearby!
An adder is nearby!
An adder is nearby!
An adder is nearby!
Unknown command.
An adder is nearby!
An adder is nearby!
You reach to attack!
You miss the adder. You hit the adder.
Flame seeps out of the adder.
The adder is heavily wounded.
The adder is engulfed in blazing flames.
The adder explodes!
The fiery explosion engulfs you!!!
Ouch! That really hurt!
You die...

###.#.####...##.##..........
#........#...##.##..........
#####....#...##.##..........
#....#....#.###.....)...
#.......................
#.......................
##...##§####............
######○# #........###. #@#
########.#**, #.# #.....
#.#******* ####.. #).,,,,,,*
*,. ####,,,,,* *,, *,***,*
*,, *,* *,* **,
*,***,********,
*,,,,,,,,,,,,,,


There were no monsters in sight!

Vanquished Creatures
  3 adders
  A dart slug (D:1)
  3 orcs (D:3)
  3 ball pythons
  3 bats
  7 endoplasms
  13 goblins
  9 hobgoblins
  4 jackals
  8 kobolds
  9 quokkas
  A frilled lizard (D:2)
  A rat (D:2)
65 creatures vanquished.

Notes
Turn   | Place    | Note
-------+----------+-------------------------------------------
     0 | D:1      | zeram the Merfolk Fighter began the quest for the Orb.
     0 | D:1      | Reached XP level 1. HP: 18/18 MP: 1/1
   183 | D:1      | Reached XP level 2. HP: 6/24 MP: 2/2
  1191 | D:2      | Reached XP level 3. HP: 21/29 MP: 3/3
  1586 | D:2      | Reached skill level 4 in Polearms
  1908 | D:2      | Reached XP level 4. HP: 21/35 MP: 4/4
  2469 | D:3      | Found Zyzxuoff's Magic Scroll Boutique.
  2547 | D:3      | Bought a scroll of teleportation for 30 gold pieces
  2547 | D:3      | Bought a scroll of identify for 20 gold pieces
  2714 | D:3      | Reached skill level 5 in Polearms
  3232 | D:3      | Reached skill level 1 in Dodging
  3489 | D:3      | Found a snail-covered altar of Cheibriados.
  3531 | D:3      | Killed by an exploding adder... ignited by their inner
                  | flame

Illustrated notes

Levels and vault maps discovered:
D:1:      psy_arrival_conway, layout_basic, serial_rivers,
          chequers_serial_rivers_small_3, chequers_serial_rivers_micro_c,
          chequers_serial_rivers_large_a, chequers_serial_rivers_small_3,
          chequers_serial_rivers_micro_d, chequers_serial_rivers_small_a
D:2:      layout_basic, minmay_pentomino_r2
D:3:      cheibrodos_greedy_goblins, layout_basic, grunt_temple_overflow_open,
          serial_shops, nicolae_lakefront_shop

Skill      XL: |  1  2  3  4 |
---------------+-------------+-----
Polearms       | 4 5 |  5.3
Shields        | 4 |  4.2
Dodging        | 1 |  1.0
Fighting       | |  3.2
Armour         | |  2.1

Action                   |  1- 3 |  4- 6 || total
-------------------------+-------+-------++-------
Melee: Trident           |   131 |   105 ||   236
  Use: Scroll            |     2 |     5 ||     7
Armor: Scale mail        |    40 |    49 ||    89
Dodge: Dodged            |    28 |    19 ||    47
Block: Kite shield       |    58 |    63 ||   121
